Cogmind - Beta 14 @@@ ROGUE MODE // 2025.05.02 @ 21:05:31 Player: TheProctologist Result: Self-destructed Performance ------------- Evolutions (1) 500 Regions Visited (3) 600 Robots Destroyed (22) 110 Value Destroyed (420) 420 Prototype IDs (4) 80 Alien Tech Used (0) 0 Bonus (0) 0 TOTAL SCORE: 1710 Bonus ------- None Cogmind --------- Core Integrity 304/400 Matter 300/300 Energy 250/250 System Corruption 0% Temperature Cool (0) Movement Walking (190) Ox1 Location -9/Materials Parts ------- > --- POWER (1) -------- Ion Engine > --- PROPULSION (2) --- Aluminum Leg > --- UTILITY (4) ------ Medium Storage Unit Improved Terrain Scanner > --- WEAPON (2) ------- Hammer Hammer > --- INVENTORY (10) --- Ion Engine Ion Engine High-capacity Storage Unit EM Pulse Gun Spread Laser Light Assault Rifle Grenade Launcher Grenade Launcher Peak State ------------ > --- POWER ------------ Ion Engine > --- PROPULSION ------- Aluminum Leg Aluminum Leg > --- UTILITY ---------- Medium Storage Unit Experimental Sensor Array Improved Terrain Scanner > --- WEAPON ----------- Grenade Launcher Grenade Launcher > --- INVENTORY -------- Ion Engine Ion Engine Aluminum Leg High-capacity Storage Unit EM Pulse Gun Spread Laser Light Assault Rifle Hammer Hammer [Rating: 19] Favorites ----------- Power Ion Engine Engine Ion Engine Propulsion Aluminum Leg Leg Aluminum Leg Utility Improved Terrain Scanner Device Improved Terrain Scanner Storage Medium Storage Unit Weapon Hammer Energy Gun EM Pulse Gun Ballistic Gun Assault Rifle Launcher Grenade Launcher Impact Weapon Hammer Slashing Weapon Mining Claw Build | -11 -10 -10 -9 ------- Run | Yrd Mat Min Mat Slots Evolved 2 | . . . 2 Power . | . . . . Propulsion . | . . . . Utility 2 | . . . 2 Weapon . | . . . . Parts Attached 25 | 7 8 6 4 Power 3 | 1 1 1 . Engine 3 | 1 1 1 . Core . | . . . . Reactor . | . . . . Propulsion 4 | 2 . 1 1 Treads . | . . . . Leg 4 | 2 . 1 1 Wheel . | . . . . Hover . | . . . . Flight . | . . . . Utility 6 | 2 1 2 1 Device 2 | 1 . . 1 Storage 4 | 1 1 2 . Processor . | . . . . Hackware . | . . . . Protection . | . . . . Artifact . | . . . . Weapon 12 | 2 6 2 2 Energy Gun 1 | 1 . . . Energy Cannon . | . . . . Ballistic Gun 2 | 1 1 . . Ballistic Cannon . | . . . . Launcher 3 | . 1 2 . Special Weapon . | . . . . Impact Weapon 5 | . 3 . 2 Slashing Weapon 1 | . 1 . . Piercing Weapon . | . . . . Special Melee Weapon . | . . . . Unidentified Prototypes 1 | . . . 1 Parts Lost 6 | . 1 2 3 Power 2 | . 1 1 . Propulsion 3 | . . 1 2 Utility 1 | . . . 1 Weapon . | . . . . Highest Loss Streak 2 | . 1 2 2 To Critical Strikes . | . . . . Average Slot Usage (%) 96 | . 99 99 80 Engine 13 | . 13 13 11 Leg 26 | . 28 27 20 Device 14 | . 14 14 15 Storage 13 | . 14 14 11 Ballistic Gun 8 | . 18 . . Launcher 4 | . 1 6 10 Impact Weapon 13 | . 6 21 11 Peak Build Rating 19 | 9 10 10 19 Average Rating 9 | 5 9 9 13 On Entrance 7 | . 9 9 10 Naked Turns . | . . . . Heaviest Build 23 | 13 20 22 23 Greatest Support 20 | 20 20 20 20 Greatest Overweight (x) 1 | . . 1 1 Average Overweight (x) . | . . . . Largest Inventory Capacity 20 | 8 10 20 10 Average Capacity 9 | 7 9 10 10 Most Carried 10 | 3 10 10 9 Average Carried 8 | 1 8 9 8 Final Capacity 10 | 8 10 10 10 Final Carried 9 | 2 9 9 8 Class Distribution -------------------- 97% | Mutant Dominant Class ---------------- Mutant | -10/Materials Mutant | -10/Mines Mutant | -9/Materials Resources | -11 -10 -10 -9 ----------- Run | Yrd Mat Min Mat Matter Collected 523 | 260 104 129 30 Remotely . | . . . . Salvage Created 574 | 138 211 148 77 Parts 29 | 6 14 9 . Haulers Intercepted 1 | . 1 . . Recyclers Shooed . | . . . . Parts Field Recycled . | . . . . Retrieved Matter . | . . . . Parts Self-Destructed . | . . . . Prevented . | . . . . Kills | -11 -10 -10 -9 ------- Run | Yrd Mat Min Mat Combat Hostiles Destroyed 16 | . 6 7 3 Melee 7 | . 2 4 1 Guns 3 | . 3 . . AOE 1 | . . 1 . Classes Destroyed 6 | 2 4 . . Tunneler 3 | 3 . . . Hauler 1 | . 1 . . Recycler 1 | 1 . . . Watcher 1 | . 1 . . Swarmer 8 | . 3 4 1 Grunt 8 | . 3 3 2 Best Kill Streak 4 | 3 4 3 2 Combat Bots Only 3 | . 3 3 2 Max Kills in Single Turn 1 | 1 1 1 1 Gunslinging . | . . . . Exploded 1 | . . 1 . Melee 1 | . 1 1 1 Uniques/NPCs Destroyed . | . . . . Combat | -11 -10 -10 -9 -------- Run | Yrd Mat Min Mat Hostile Shots Fired 149 | . 24 68 57 Missed 40 | . 5 18 17 Damage Taken 1047 | . 173 503 371 Core 315 | . 28 191 96 Absorbed by Shields . | . . . . Core Remaining (%) 56 | 100 . 12 . Volleys Fired 20 | 5 14 1 . Largest 2 | 2 2 2 . Hottest 60 | 60 40 60 . Shots Fired 39 | 10 27 2 . Gun 37 | 10 27 . . Cannon . | . . . . Launcher 2 | . . 2 . Special . | . . . . Kinetic 32 | 5 27 . . Thermal . | . . . . Explosive 2 | . . 2 . Electromagnetic 5 | 5 . . . Robot Hit Streak 13 | 5 13 2 . Robot Miss Streak 2 | 1 2 . . Penetration Max . | . . . . Secondary Targets . | . . . . Shots Hit Robots 68 | 6 26 23 13 Core Hits 19 | 5 10 3 1 Critical Kills . | . . . . Critical Parts Destroyed 7 | . 4 3 . Critical Strikes 7 | . 4 3 . Destroy 1 | . 1 . . Smash 6 | . 3 3 . Melee Attacks 56 | . 8 29 19 Impact 56 | . 8 29 19 Slashing . | . . . . Piercing . | . . . . Sneak Attacks . | . . . . Combat Hostiles . | . . . . Follow-up Attacks 9 | . 1 5 3 Damage Inflicted 1346 | 79 346 595 326 Guns 272 | 79 193 . . Cannons . | . . . . Explosions 77 | . . 77 . Melee 997 | . 153 518 326 Ramming . | . . . . Kinetic 231 | 38 193 . . Thermal . | . . . . Explosive 77 | . . 77 . Electromagnetic 41 | 41 . . . Impact 997 | . 153 518 326 Slashing . | . . . . Piercing . | . . . . Highest Corruption . | . . . . Average Corruption . | . . . . Corruption Purged . | . . . . Corruption Blocked . | . . . . Overload Shots . | . . . . Overflow Damage 253 | . 96 153 4 Projectiles . | . . . . Explosions . | . . . . Melee 253 | . 96 153 4 Knockbacks . | . . . . Impact . | . . . . Kinetic . | . . . . Secondary . | . . . . Self-Inflicted Damage . | . . . . Shots . | . . . . Rammed . | . . . . Targets Rammed . | . . . . Kicked . | . . . . Crushed . | . . . . Highest Temperature 12 | . 12 . . Average Temperature 6 | . 6 . . Received Heat Transfer 288 | . 36 156 96 Siege Activations . | . . . . Robots Corrupted 6 | . 2 2 2 Combat Hostiles 5 | . 1 2 2 Parts Fried 9 | . 3 3 3 Impact Corruptions 15 | . 6 7 2 Robots Melted . | . . . . Combat Hostiles . | . . . . Parts Melted . | . . . . Heat Transferred . | . . . . Parts Sabotaged . | . . . . Parts Stolen . | . . . . Parts Stripped . | . . . . Power Chain Reactions . | . . . . Alert | -11 -10 -10 -9 ------- Run | Yrd Mat Min Mat Peak Influence 224 | 20 167 224 79 Initial 64 | . 13 64 39 Average 71 | 7 40 123 42 Maximum Alert Level 1 | . . 1 . Low Security (%) 96 | 100 100 91 100 Level 1 3 | . . 8 . Level 2 . | . . . . Level 3 . | . . . . Level 4 . | . . . . Level 5 . | . . . . High Security . | . . . . Max Security . | . . . . Squads Dispatched 4 | . 3 . 1 Investigation 1 | . 1 . . Extermination . | . . . . Reinforcement 3 | . 2 . 1 Assault . | . . . . Garrison . | . . . . Intercept . | . . . . Searches Triggered . | . . . . Construction Impeded . | . . . . Haulers Reinforced . | . . . . Active Scanning Responses . | . . . . Cargo Convoy Interrupts . | . . . . Stealth | -11 -10 -10 -9 --------- Run | Yrd Mat Min Mat Distress Signals 2 | . 2 . . Communications Jammed . | . . . . Distress Signals . | . . . . Times Spotted 30 | . 13 11 6 Peak Tracking Total 4 | . 3 3 4 Tactical Retreats 3 | . 1 2 . Traps | -11 -10 -10 -9 ------- Run | Yrd Mat Min Mat Traps Triggered 1 | . 1 . . Indirectly . | . . . . Trap Hack Attempts . | . . . . Triggered . | . . . . Disarmed . | . . . . Reprogrammed . | . . . . Reused . | . . . . Traps Extracted . | . . . . Installed . | . . . . Triggered . | . . . . Machines | -11 -10 -10 -9 ---------- Run | Yrd Mat Min Mat Machines Disabled 1 | . . 1 . Max in Single Turn 1 | . . 1 . Machines Repaired . | . . . . Machines Dismantled . | . . . . Machines Sabotaged . | . . . . Overloaded Fab Kills . | . . . . Hacking | -11 -10 -10 -9 --------- Run | Yrd Mat Min Mat Machines Accessed 7 | . 5 1 1 Terminals 6 | . 4 1 1 Fabricators . | . . . . Repair Stations . | . . . . Recycling Units 1 | . 1 . . Scanalyzers . | . . . . Garrison Access . | . . . . Total Hacks 27 | . 21 4 2 Successful 16 | . 12 2 2 Failed 11 | . 9 2 . Catastrophic . | . . . . Database Lockouts . | . . . . Manual 21 | . 15 4 2 Terminals 24 | . 18 4 2 Fabricators . | . . . . Repair Stations . | . . . . Recycling Units 3 | . 3 . . Scanalyzers . | . . . . Garrison Access . | . . . . Terminal Hacks 5 | . 5 . . Prototype ID Bank 1 | . 1 . . Branch Access Points 1 | . 1 . . Locate Traps 1 | . 1 . . Hauler Manifests 1 | . 1 . . Zone Layout 1 | . 1 . . Fabricator Hacks . | . . . . Repair Station Hacks . | . . . . Recycling Unit Hacks 1 | . 1 . . Report Inventory 1 | . 1 . . Scanalyzer . | . . . . Garrison Access Hacks . | . . . . Unauthorized Hacks 10 | . 6 2 2 Terminals 10 | . 6 2 2 Track 3 | . 1 1 1 Assimilate 1 | . 1 . . Botnet 5 | . 3 1 1 Operators 1 | . 1 . . Fabricators . | . . . . Repair Stations . | . . . . Recycling Units . | . . . . Scanalyzers . | . . . . Garrison Access . | . . . . Data Cores Recovered . | . . . . Used . | . . . . Hacking Detections 7 | . 5 1 1 Full Trace Events . | . . . . Feedback Events . | . . . . Feedback Blocked . | . . . . Robot Schematics Acquired . | . . . . Robots Built . | . . . . Authchips . | . . . . Time . | . . . . Total Robot Build Rating . | . . . . Part Schematics Acquired . | . . . . Parts Built . | . . . . Authchips . | . . . . Time . | . . . . Total Part Build Rating . | . . . . Parts Repaired . | . . . . Time . | . . . . Parts Recycled . | . . . . Recycled Matter . | . . . . Retrieved Matter . | . . . . Retrieved Components . | . . . . Parts Scanalyzed . | . . . . Part Schematics Acquired . | . . . . Parts Damaged . | . . . . Bothacking | -11 -10 -10 -9 ------------ Run | Yrd Mat Min Mat Used RIF Installer . | . . . . Robots Hacked . | . . . . Non-combat . | . . . . Combat . | . . . . Robot Hacks Applied . | . . . . Relay Couplers Released . | . . . . Fabnet Peak Effective % . | . . . . Robots Rewired . | . . . . Allies Hacked . | . . . . Hacks Repelled . | . . . . Allies | -11 -10 -10 -9 -------- Run | Yrd Mat Min Mat Total Allies . | . . . . Largest Group . | . . . . Highest-Rated Group . | . . . . Highest-Rated Ally . | . . . . Total Orders . | . . . . Ally Attacks . | . . . . Total Damage . | . . . . Kills . | . . . . Allies Corrupted . | . . . . Allies Melted . | . . . . Intel | -11 -10 -10 -9 ------- Run | Yrd Mat Min Mat Robot Analysis Total . | . . . . Derelict Logs Recovered 2 | . . 2 . Drone Launches . | . . . . Drone Recoveries . | . . . . Exploration | -11 -10 -10 -9 ------------- Run | Yrd Mat Min Mat Turns Passed 1489 | 117 587 593 192 Spaces Moved 932 | 77 407 379 69 Core 6 | 6 . . . Treads . | . . . . Legs 926 | 71 407 379 69 Wheels . | . . . . Hover . | . . . . Flight . | . . . . Fastest Speed 50 | 50 120 120 120 Average Speed 127 | 114 120 132 166 Slowest Speed 190 | 120 120 190 190 Overloaded Moves . | . . . . Propulsion Burnouts . | . . . . Robots Hopped . | . . . . Cave-ins Triggered . | . . . . Exploration Rate (%) 39 | 3 74 72 9 Regions Visited 3 Branch Regions 1 Pre-discovered Areas . | . . . . Known Exits Taken 1 | . 1 . . Unknown Exits Taken 2 | 1 . 1 . Scrap Searched 3 | . . 3 . Spaces Dug . | . . . . Terrain Destroyed 15 | . . 15 . Melee . | . . . . Projectile . | . . . . AOE 15 | . . 15 . Terrain Rammed . | . . . . Walls Destroyed . | . . . . Machines Disabled . | . . . . Actions | -11 -10 -10 -9 --------- Run | Yrd Mat Min Mat Total 1103 | 94 470 424 115 Wait 54 | . 15 14 25 Move 929 | 76 406 378 69 Hop . | . . . . Pick Up 20 | 6 12 1 1 Fast Attach 5 | 3 2 . . Attach 12 | 4 4 2 2 Detach 2 | . 2 . . Swap 8 | . 2 4 2 Drop 6 | . 6 . . Fire 20 | 5 14 1 . Melee 47 | . 7 24 16 Ram . | . . . . Kick . | . . . . Crush . | . . . . Escape Stasis . | . . . . Rewire . | . . . . Trap . | . . . . Miscellaneous . | . . . . Route ------- -11/Scrapyard -10/Materials (discovered 2 exits: *Mat / *Min) -10/Mines -9/Materials (discovered 2 exits: Mat / Min) History --------- Turn | Location | Event 11 | -11/Scrapyard | Discovered new exit (range 16) 118 | -11/Scrapyard | Entered Materials 301 | -10/Materials | Build established: Mutant 307 | -10/Materials | Discovered new exit (range 16) 500 | -10/Materials | Discovered new exit (range 16) 553 | -10/Materials | Identified exit to Mines 705 | -10/Materials | Entered Mines 777 | -10/Mines | Learned 4 Materials zone layouts 1037 | -10/Mines | Core integrity fell below 50% 1062 | -10/Mines | Learned 2 Materials zone layouts 1143 | -10/Mines | Found a damaged Exp. Sensor Array with a note attached 1147 | -10/Mines | Found Prototype Device 1166 | -10/Mines | Core integrity fell below 20% 1207 | -10/Mines | Discovered new exit (range 12) 1298 | -10/Mines | Entered Materials 1298 | -9/Materials | Evolved 2 slots: Utility x2 1299 | -9/Materials | Identified exit to Mines 1299 | -9/Materials | Identified exit to Materials 1346 | -9/Materials | Identified Exp. Sensor Array 1490 | -9/Materials | Self-destructed Last Messages --------------- 01444_ G-34 Mercenary destroyed. 01447_ Acquired 30 matter. 01462_ Connecting with Terminal... 01462_ Current location identified: Materials >>Trojan(Botnet) Trojan loaded successfully. Testing... Terminal linked with 0 systems. Awaiting botnet instructions. >>Trojan(Track) Trojan loaded successfully. Testing... Tracking enabled and active. 01475_ Hammer follow-up attack on S-10 Pest. 01477_ Aluminum Leg destroyed. 01487_ Destroyed Flight Unit. 01487_ S-10 Pest system corrupted by crushing effect. 01488_ S-10 Pest system terminally corrupted. 01488_ Lgt. Assault Rifle fried. Map ----- +----------------------------------------------------+ | | | | | | | | | | | | | | | | | | | | | | | | | | | | | | | | | | | | | | | #?????????????#??#??????????#????????????????????? | | ?#???????????????????????????????????????????????? | | ########################################?????????? | | |! ?????????? | | !! ????????? | | T % s ?????????? | | % """@ """ ?? ?????????? | | ########+####### """ """ ?? ??????????? | | #?##?# % #??# ! """ """ ?????????????? | | ?????# #?## s ???????????? | | #??###""" ###" ?????????? | | ?????#""" ] #?#T """ """ """ ?????????? | | ??#??#""" #?#" """ """ """ ??????????? | | ##???# #?## """ """ """??????????????? | | ?????########??# ??????????????? | | ????#???????#?## o ??????????????? | | ?????#?#???????# """ r""" """??????????????? | | ????#???#??????# """ """ """??????????????? | | ???###???#?????# """ """ """ ?????????????? | | ?????#?#?#?#???# ??????????????? | | ???????????????# ??????????????? | | #????#?#???????# ??????????????? | | ??????#????#???# ###########" "####??????????????? | | ?????????????#?# #?????????#"T"#?????????????????? | | ???????????????# #?????????#"""#?????????????????? | | ??????????????????????????????????????# ### | | ??????????????????????????????????????# #?? | | ??????????????????????????????????????# ### | | ??????????????????????????????????????# ## | | ??????????????????????????????????????# # | | ??????????????????????????????????????##########"" | +----------------------------------------------------+ Best States ------------- Heat Dissipation 28 Energy Generation 10 Energy Capacity 250 Matter Stores 300 Matter Capacity 300 Sight Range 16 Robot Scan Range 20 Terrain Scan Range 16 Terrain Scan Density 10 Evasion (%) 55 Item Schematics ----------------- None Robot Schematics ------------------ None Fabricated ------------ Nothing Alien Tech Used ----------------- None Achievements -------------- None Challenges ------------ None Game ------ Seed SpliceEtherialBrace Manual? 0 Play Time 00:29:59 Cumulative 55.9 hours Start 2025.05.02 @ 20:35:52 End 2025.05.02 @ 21:05:31 Sessions 1 Manual Loads 0 Difficulty Rogue Special Mode None Game No. 76 Rogue 76 Adventurer 0 Explorer 0 Win Type - Total 0 Types 0/0/0/0/0/0/0/0/0 Lore% 14 Gallery% 29 Achievement% 27 Wizard Run 0 Options --------- Layout 1 ASCII 0 Keyboard 0 Movement Numpad Keybinds 0 Fullscreen 1 Font 32/SmallcapsGlow Map View 50x40 Zoom Use 0% Tactical HUD 1 Map Filters NONE Filters NONE Steam 1 RUN: 9c940eba-4d84-40fb-a991-ba8e941207dd